 Dungeon Crawl Stone Soup version bcrawl-1.38b (webtiles) character file.

Game seed: 2463923744811228037

294432 Mrkan the Cleaver (level 9, -1/82 HPs)
             Began as a Minotaur Fighter on Mar 23, 2023.
             Was a High Priest of Zin.
             Succumbed to a killer bee's poison
             ... on level 7 of the Dungeon.
             The game lasted 00:11:46 (6592 turns).

Mrkan the Cleaver (Minotaur Fighter)                Turns: 6592, Time: 00:11:47

Health: -1/82      AC: 10    Str: 20    XL:     9   Next: 60%
Magic:  8/8        EV:  7    Int:  5    God:    Zin [*****.]
Gold:   318        SH: 11    Dex: 14    Spells: 8/8 levels left

rFire    . . .     GDR:     31% a - +1 war axe
rCold    . . .     SeeInvis .   c - +0 medium shield
rNeg     . . .     Gourm    .   t - +0 chain mail
rPois    .         Faith    .   (helmet restricted)
rElec    .         Spirit   .   b - scarf {repulsion}
rCorr    .         Reflect  .   (no gloves)
MR       .....                  (no boots)
Stlth    ..........             (no amulet)
HPRegen  0.23/turn              (no ring)
MPRegen  0.11/turn              (no ring)

@: lethally poisoned (-1 -> -26), repel missiles
A: retaliatory headbutt, horns 2
a: Recite, Vitalisation, Manna, Imprison, Sanctuary, Donate Gold, Renounce
Religion


You were on level 7 of the Dungeon.
You worshipped Zin.
Zin was extremely pleased with you.
You were near starving.

You visited 1 branch of the dungeon, and saw 7 of its levels.
You also visited: Ossuary.

You collected 353 gold pieces.
You donated 35 gold pieces to Zin.

Inventory:

Hand Weapons
 a - a +1 war axe (weapon)
 x - a +3 flail of freezing
Armour
 b - a scarf of repulsion (worn)
 c - a +0 medium shield (worn)
 t - a +0 chain mail (worn)
Wands
 q - a wand of iceblast (9)
 w - a wand of scattershot (5)
 y - a wand of paralysis (12)
Scrolls
 g - a scroll of fog {unknown}
 i - a scroll of noise {unknown}
 j - 7 scrolls of enchant weapon
 m - 2 scrolls of enchant armour {unknown}
 o - 6 scrolls of remove curse {unknown}
 s - 5 scrolls of teleportation {unknown}
 A - 2 scrolls of silence {unknown}
 B - a scroll of amnesia {unknown}
 C - a scroll of vulnerability {unknown}
Potions
 d - 3 potions of might
 f - 2 potions of mutation
 h - 4 potions of curing
 k - a potion of cancellation {unknown}
 l - 3 potions of flight {unknown}
 n - 2 potions of lignification {unknown}
 p - a potion of invisibility {unknown}
 r - 3 potions of heal wounds
 u - a potion of haste {unknown}
 v - 2 potions of resistance {unknown}
 z - a potion of degeneration {unknown}
Comestibles
 e - 11 rations {!d}


   Skills:
 + Level 8.4 Fighting
 + Level 9.4 Axes
 - Level 6.2 Armour
 + Level 4.9 Dodging
 * Level 8.7 Shields


You had 8 spell levels left.
You didn't know any spells.
Your spell library contained the following spells:

 Spells                   Type           Power        Failure   Level  Hunger
 Magic Dart               Conj           #...         100%        1    None
 Searing Ray              Conj           #.......     100%        2    ####...
 Confuse                  Hex            #.......     100%        3    #####..
 Dazzling Orbs            Conj/Hex       #......      100%        3    #####..
 Iskenderun's Mystic Bla  Conj           #.......     100%        3    #####..
 Fulminant Prism          Conj/Hex       #.........   100%        4    ######.
 Petrify                  Tmut/Erth      #.........   100%        4    ######.
 Yara's Violent Unravell  Hex/Tmut       #.........   100%        4    ######.
 Irradiate                Conj/Tmut      #.........   100%        5    #######
 Silence                  Hex/Air        #.........   100%        5    #######


Dungeon Overview and Level Annotations

Branches:
Dungeon (7/12)             Temple (0/1) D:6
   Lair: D:7-9

Altars:
Ashenzari
Cheibriados
Hepliaklqana
Kikubaaqudgha
Lugonu
Makhleb
Nemelex Xobeh
Uskayaw
Vehumet
Xom
Yredelemnul
Zin
The Shining One

Shops:
D:4 *   D:5 :


Innate Abilities, Weirdness & Mutations

You reflexively headbutt those who attack you in melee.
You have a pair of horns on your head.


Message History

You feel very sick.
The killer bee stings you but does no damage.
You block the killer bee's attack.
You closely miss the killer bee. Your headbutt misses the killer bee.
* * * LOW HITPOINT WARNING * * *
You feel sick. The killer bee stings you.
* * * LOW HITPOINT WARNING * * *
You are more poisoned.
The killer bee poisons you! The killer bee stings you.
* * * LOW HITPOINT WARNING * * *
You block the killer bee's attack.
You slash the killer bee! You headbutt the killer bee!
You kill the killer bee!
* * * LOW HITPOINT WARNING * * *
You feel very sick.
* * * LOW HITPOINT WARNING * * *
You feel very sick.
Things that are here:
a killer bee corpse x2
You die...

#......##.#.............
####.#####...####.######
##.## ##..# #.# #####...#
#..####.# ####.......#
##.......# #..........#
##.....#### ### #.##.##.####
#.......## ##.#
#.##.#...####.........####...
#.##.......†@.........'......
#.##.#...####.........####...
#.##.##.## ##.......## ##..
#.##.##.# ##.....## ##.
#.##.##.# ##...## ##
#.......# ##+##
####.############.# #)#
#..........# #.#
#.#######..## ########


There were no monsters in sight!

Vanquished Creatures
  A hippogriff (D:6)
  Menkaure (D:4)
  Duvessa (D:7)
  2 sky beasts
  An ice beast (D:6)
  An ogre (D:4)
  2 bullfrogs (D:6)
  A kobold brigand (D:7)
  A wyvern zombie (D:7)
  Dowan (D:7)
  3 killer bees (D:7)
  11 scorpions
  10 wights (D:6)
  A bullfrog zombie (D:7)
  3 crimson imps
  A quasit (D:7)
  4 hounds
  An orc wizard (D:3)
  9 worker ants
  4 kobold zombies (Ossuary)
  4 hound zombies (D:7)
  A howler monkey zombie (D:6)
  3 mummies (Ossuary)
  A worker ant zombie (D:7)
  8 adders
  3 centaur zombies (Ossuary)
  2 scorpion zombies (Ossuary)
  An ooze (D:1)
  An adder zombie (D:5)
  An adder skeleton (D:4)
  3 worms (D:3)
  4 dart slugs
  3 leopard geckos
  6 orcs
  2 giant cockroaches
  2 gnoll zombies (Ossuary)
  7 hobgoblins
  10 jackals
  8 kobolds
  A quokka (D:3)
  A ball python (D:4)
  7 bats
  3 frilled lizards
  A goblin (D:1)
  4 goblin zombies
  A hobgoblin zombie (Ossuary)
  A jackal zombie (D:6)
  2 orc zombies (Ossuary)
  3 rats
153 creatures vanquished.

Vanquished Creatures (others)
  An iguana (D:4)
1 creature vanquished.

Grand Total: 154 creatures vanquished

Notes
Turn   | Place    | Note
-------+----------+-------------------------------------------
     0 | D:1      | Mrkan the Minotaur Fighter began the quest for the Orb.
     0 | D:1      | Reached XP level 1. HP: 19/19 MP: 0/0
   940 | D:1      | Reached skill level 3 in Axes
   940 | D:1      | Reached XP level 2. HP: 25/27 MP: 1/1
  1248 | D:2      | Noticed an angel
  1249 | D:2      | Found a glowing silver altar of Zin.
  1249 | D:2      | Found a shimmering altar of Xom.
  1252 | D:2      | Noticed a scorpion
  1260 | D:2      | Killed a scorpion
  1261 | D:2      | Reached skill level 4 in Axes
  1261 | D:2      | Reached XP level 3. HP: 26/33 MP: 2/2
  1276 | D:2      | Became a worshipper of Zin the Law-Giver
  1319 | D:2      | Reached XP level 4. HP: 34/40 MP: 3/3
  2090 | D:3      | Found an ancient bone altar of Kikubaaqudgha.
  2146 | D:3      | Reached XP level 5. HP: 28/47 MP: 4/4
  2157 | D:3      | Reached skill level 5 in Axes
  2255 | D:3      | Found a faded altar of an unknown god.
  2320 | D:3      | Reached * piety under Zin
  2322 | D:3      | Found a glowing golden altar of the Shining One.
  2700 | D:3      | Found a shattered altar of Ashenzari.
  2702 | D:3      | Found a snail-covered altar of Cheibriados.
  2705 | D:3      | Found a hide-covered altar of Uskayaw.
  2713 | D:3      | Found a hazy altar of Hepliaklqana.
  2714 | D:3      | Found a burning altar of Makhleb.
  2932 | D:4      | Reached skill level 5 in Fighting
  2958 | D:4      | Reached skill level 5 in Armour
  2970 | D:4      | Reached XP level 6. HP: 50/56 MP: 5/5
  3175 | D:4      | Noticed Menkaure
  3180 | D:4      | Killed Menkaure
  3181 | D:4      | Reached skill level 6 in Axes
  3264 | D:4      | Reached XP level 7. HP: 22/62 MP: 6/6
  3473 | D:4      | Found Tahiziu's Assorted Antiques.
  3480 | D:4      | Reached skill level 7 in Axes
  3484 | D:4      | Reached ** piety under Zin
  3756 | D:5      | Entered Level 5 of the Dungeon
  3880 | D:5      | Reached *** piety under Zin
  4033 | D:5      | Found Mafetuum's Book Shop.
  4090 | D:5      | Reached **** piety under Zin
  4350 | D:6      | Found a staircase to the Ecumenical Temple.
  4447 | D:6      | Reached skill level 1 in Dodging
  4458 | D:6      | Reached XP level 8. HP: 15/71 MP: 7/7
  4492 | D:6      | Reached skill level 8 in Axes
  4492 | D:6      | Reached skill level 5 in Shields
  4666 | D:6      | Found a sand-covered staircase.
  4676 | Ossuary  | Entered an ossuary
  5054 | Ossuary  | Reached ***** piety under Zin
  5207 | D:6      | Noticed a hippogriff
  5208 | D:6      | Found a sparkling altar of Nemelex Xobeh.
  5217 | D:6      | Killed a hippogriff
  5218 | D:6      | Reached XP level 9. HP: 64/80 MP: 8/8
  5418 | D:6      | Reached skill level 9 in Axes
  5669 | D:7      | Found a basalt altar of Yredelemnul.
  5987 | D:7      | Found a radiant altar of Vehumet.
  5987 | D:7      | Found a corrupted altar of Lugonu.
  6188 | D:7      | Noticed Dowan
  6190 | D:7      | Noticed Duvessa
  6203 | D:7      | Killed Duvessa
  6207 | D:7      | Killed Dowan
  6590 | D:7      | HP: 3/82 [poisoned by a killer bee]
  6591 | D:7      | HP: 1/82 [poisoned by a killer bee]
  6592 | D:7      | Succumbed to a killer bee's poison

Skill      XL: |  1  2  3  4  5  6  7  8  9 |
---------------+----------------------------+-----
Axes           | 3 4 5 6 7 8 9 |  9.4
Fighting       | 4 5 6 7 8 |  8.4
Armour         | 4 5 6 |  6.2
Shields        | 4 7 8 |  8.7
Dodging        | 1 3 4 |  4.9

Action                   |  1- 3 |  4- 6 |  7- 9 || total
-------------------------+-------+-------+-------++-------
Melee: War axe           |    35 |   133 |   357 ||   525
       Headbutt          |     6 |    23 |    82 ||   111
  Use: Scroll            |       |       |     4 ||     4
       Potion            |       |       |     1 ||     1
  Eat: Chunk             |     2 |    11 |    12 ||    25
       Ration            |       |       |     2 ||     2
Armor: Scale mail        |    29 |    67 |       ||    96
       Chain mail        |       |       |   195 ||   195
Dodge: Dodged            |     9 |    31 |    73 ||   113
       Deflected         |       |       |     1 ||     1
Block: Medium shield     |    22 |    88 |   223 ||   333
